 Dungeon Crawl Stone Soup version 0.31-a0-564-g3b7de120b3 (webtiles) character file.

Game seed: 12754750219579419625

1102 hohey the Fighter (level 8, -3/92 HPs)
             Began as an Ogre Wanderer on Aug 17, 2023.
             Slain by an orc warrior
             ... wielding a +0 flail
              (7 damage)
             ... on level 6 of the Dungeon.
             The game lasted 00:23:49 (8032 turns).

hohey the Fighter (Ogre Wanderer)                   Turns: 8032, Time: 00:23:50

Health: -3/92      AC:  6    Str: 17    XL:     8   Next: 32%
Magic:  12/12      EV: 10    Int: 15    God:
Gold:   272        SH:  0    Dex:  7    Spells: 6/13 levels left

rFire   . . .        a - +1 war axe (freeze)
rCold   + . .        (no shield)
rNeg    + . .        d - +0 robe
rPois   +            (helmet restricted)
rElec   .            t - +2 ratskin cloak {*Rats rPois rN+ Str-1 Int-1 Dex+1}
rCorr   .            (gloves unavailable)
SInv    .            (boots unavailable)
Will    .....        (no amulet)
Stlth   +            n - ring of protection from cold
HPRegen 0.35/turn    (no ring)
MPRegen 0.13/turn

%: no passive effects
@: no status effects
A: large, unfitting armour, tough skin 1
a: no special abilities


You were on level 6 of the Dungeon.
You visited 1 branch of the dungeon, and saw 6 of its levels.

You collected 272 gold pieces.

Inventory:

Hand Weapons
 a - a +1 war axe of freezing (weapon)
 b - a +0 sling
 r - a +0 flail of protection
 v - a +0 morningstar
Missiles
 s - 2 throwing nets
Armour
 d - a +0 robe (worn)
 t - the +2 ratskin cloak (worn) {*Rats rPois rN+ Str-1 Int-1 Dex+1}
   (You found it on level 5 of the Dungeon)

   *Rats:     When the wearer is hurt, rats may emerge from it to assist them.
   Str-1:     It affects your strength (-1).
   Int-1:     It affects your intelligence (-1).
   Dex+1:     It affects your dexterity (+1).
   rPois:     It protects you from poison rN+: It protects you from negative
   energy.
Jewellery
 n - a ring of protection from cold (left hand)
Talismans
 w - a blade talisman
Scrolls
 c - a scroll of brand weapon {unknown}
 e - a scroll of silence
 f - 5 scrolls of identify
 g - a scroll of enchant weapon {unknown}
 i - a scroll of teleportation
 l - a scroll of vulnerability {unknown}
 o - a scroll of torment {unknown}
 p - a scroll of poison {unknown}
 q - a scroll of revelation
 u - a scroll of fog {unknown}
Potions
 h - a potion of enlightenment
 j - a potion of haste {unknown}
 k - a potion of cancellation
 m - a potion of heal wounds {unknown}


   Skills:
 - Level 9.4 Fighting
 - Level 3.5 Dodging
 - Level 1.0 Stealth
 - Level 3.0 Spellcasting
 + Level 2.0 Conjurations
 - Level 3.0 Transmutations
 + Level 2.2 Fire Magic
 + Level 1.8 Air Magic
 - Level 3.0 Poison Magic
 - Level 1.0 Evocations


You had 6 spell levels left.
You knew the following spells:

 Your Spells              Type           Power      Damage    Failure   Level
a - Sting                 Tmut/Pois      44%        1d5       6%          1
b - Ignite Poison         Fire/Tmut/Pois 10%        N/A       19%         3
c - Mephitic Cloud        Conj/Pois/Air  9%         N/A       24%         3

Your spell library contained the following spells:

 Spells                   Type           Power      Damage    Failure   Level
 Magic Dart               Conj           32%        1d4       9%          1
 Searing Ray              Conj           16%        2d5       13%         2
 Cigotuvi's Dreadful Rot  Necr/Pois/Air  14%        N/A       16%         2
 Call Imp                 Summ           4%         N/A       30%         2
 Fulminant Prism          Conj/Hex       2%         3d5       78%         4
 Dispel Undead            Necr           2%         3d7       89%         4
 Iskenderun's Battlesphe  Conj           8%         2d6       94%         5
 Death Channel            Necr           1%         N/A       100%        6
 Leda's Unmaking          Conj/Erth      2%         9d1       100%        6
 Spellforged Servitor     Conj/Summ      2%         N/A       100%        7


Dungeon Overview and Level Annotations

Branches:
Dungeon (6/15)
 Temple: D:4-7

Altars:
Ashenzari
Fedhas
Nemelex Xobeh

Annotations:
D:4 3 runed translucent doors, NigelTetley's ghost, amateur DgHu


Innate Abilities, Weirdness & Mutations

You are too large for most types of armour.
You have tough skin. (AC +1)


Message History

You hit the centaur but do no damage.
You hit the orc warrior but do no damage.
The centaur barely misses you. The centaur kicks you.
The orc warrior closely misses you.
The centaur hits you but does no damage.
The centaur kicks you.
You hit the centaur but do no damage. You barely miss the orc warrior.
The centaur barely misses you.
The centaur kicks you but does no damage.
The orc warrior hits you with a +0 flail.
The centaur hits you.
The centaur kicks you but does no damage.
Your river rat bites the centaur.
The orc warrior hits you with a +0 flail.
* * * LOW HITPOINT WARNING * * *
You barely miss the centaur.
The centaur is moderately wounded.
You closely miss the orc warrior. The centaur hits you.
* * * LOW HITPOINT WARNING * * *
The centaur closely misses you.
Your river rat closely misses the centaur.
The centaur hits you but does no damage.
The centaur barely misses you.
The orc warrior hits you with a +0 flail!
* * * LOW HITPOINT WARNING * * *
The centaur hits you.
* * * LOW HITPOINT WARNING * * *
The centaur kicks you but does no damage.
Your river rat bites the centaur.
You barely miss the centaur.
The centaur is moderately wounded.
You hit the orc warrior. You freeze the orc warrior. The centaur hits you.
* * * LOW HITPOINT WARNING * * *
The centaur kicks you but does no damage.
The orc warrior closely misses you.
Your river rat closely misses the centaur.
The centaur hits you but does no damage.
The centaur barely misses you.
The orc warrior hits you with a +0 flail!
You die...

.# #....# #......... ...
###..## #......... ..##
#...# .......... ...# #.#.#
....... #..##.#.# # .......
#.# #..#.#.#'#. ##.... ..
##...#..... #.... #.
#..........####..#..
#.##..@r#..##..........
..#..co...#........#..
#.#............>...# .
#.$[.............#.# #
##.....#.####....#.###
.......$$...#.........#.##.
...........................
.............r####....#.##.
.#..###.....### #....#.#..


You could see an orc warrior, a centaur (ally target) and a friendly river rat.

Vanquished Creatures
  A water moccasin (D:5)
  A black bear (D:6)
  An ice beast (D:5)
  A phantom (D:6)
  A jelly (D:6)
  A hound (D:5)
  A gnoll bouda (D:5)
  2 orc priests
  Jessica (D:2)
  7 orc wizards
  2 iguanas (D:5)
  7 gnolls
  8 adders
  2 white imps
  A worm (D:3)
  2 dart slugs (D:2)
  26 orcs
  4 endoplasms
  5 giant cockroaches
  6 goblins
  9 hobgoblins
  4 jackals (D:1)
  3 quokkas
  5 ball pythons
  10 bats
  5 frilled lizards
  8 kobolds
  7 rats
131 creatures vanquished.

Vanquished Creatures (collateral kills)
  A jelly (D:6)
  An orc priest (D:6)
  An orc (D:6)
3 creatures vanquished.

Grand Total: 134 creatures vanquished

Notes
Turn   | Place    | Note
-------+----------+-------------------------------------------
     0 | D:1      | hohey the Ogre Wanderer began the quest for the Orb.
     0 | D:1      | hohey set off with the following items: a +0 club, a +0
                  | cloak, a scroll of blinking, a +0 robe, a scroll of
                  | silence; and the following spell memorised: Sting; and the
                  | following spells available to memorise: Ignite Poison,
                  | Mephitic Cloud.
     0 | D:1      | Reached XP level 1. HP: 29/29 MP: 2/2
   386 | D:1      | Reached skill level 7 in Fighting
   386 | D:1      | Reached XP level 2. HP: 40/40 MP: 3/3
  1053 | D:2      | Reached XP level 3. HP: 40/46 MP: 4/4
  1098 | D:2      | Found a faded altar of an unknown god.
  1375 | D:2      | Reached skill level 1 in Dodging
  1482 | D:2      | Noticed Jessica
  1489 | D:2      | Killed Jessica
  1490 | D:2      | Reached skill level 8 in Fighting
  1490 | D:2      | Reached XP level 4. HP: 45/57 MP: 5/5
  1985 | D:3      | Reached XP level 5. HP: 54/65 MP: 6/6
  3005 | D:3      | HP: 3/66 [gnoll/+0 halberd (11)]
  3214 | D:3      | Learned a level 3 spell: Ignite Poison
  4083 | D:4      | Found a runed translucent gate.
  4083 | D:4      | Found a runed translucent gate.
  4083 | D:4      | Found a runed translucent gate.
  4086 | D:4      | Noticed NigelTetley's ghost (amateur DgHu)
  4495 | D:4      | Found a sparkling altar of Nemelex Xobeh.
  4523 | D:4      | Found a blossoming altar of Fedhas.
  4649 | D:4      | Reached XP level 6. HP: 74/74 MP: 8/8
  4979 | D:4      | Reached skill level 1 in Transmutations
  5369 | D:4      | Learned a level 3 spell: Mephitic Cloud
  5681 | D:5      | Entered Level 5 of the Dungeon
  6245 | D:4      | Identified the +0 pair of gloves of the Floral Meadowlark
                  | {rPois rN+ Will+}
  6576 | D:5      | Found the +2 ratskin cloak {*Rats rPois rN+ Str-1 Int-1
                  | Dex+1}
  6603 | D:5      | Reached skill level 1 in Fire Magic
  6657 | D:5      | Noticed an ice beast
  6669 | D:5      | Killed an ice beast
  6670 | D:5      | Reached XP level 7. HP: 70/81 MP: 9/11
  7030 | D:5      | Reached skill level 9 in Fighting
  7654 | D:6      | Reached XP level 8. HP: 89/92 MP: 12/12
  7708 | D:6      | Reached skill level 1 in Conjurations
  7708 | D:6      | Reached skill level 1 in Air Magic
  7985 | D:6      | Found a broken altar of Ashenzari.
  8032 | D:6      | HP: 4/92 [centaur (3)]
  8032 | D:6      | Slain by an orc warrior

Illustrated notes

Levels and vault maps discovered:
D:1:      dpeg_arrival_round_c, layout_basic
D:2:      layout_loops_ring, hellmonk_ecumenical_altar_crossroads, uniq_jessica
D:3:      layout_basic, roderic_roman_lattice, st_stairs_5, nrook_loot_triangle,
          minmay_between
D:4:      layout_layer_cave, nemelex_xobeh_ov_fountains_minmay,
          mainiacjoe_overflow_alcove_2, gammafunk_ghost_split
D:5:      layout_layer_cave, chequers_serial_rivers_small_3
D:6:      layout_rooms, mainiacjoe_overflow_surrounded_room,
          minmay_temple_entry_fiery, minmay_misc_feat_five

Skill      XL: |  1  2  3  4  5  6  7  8 |
---------------+-------------------------+-----
Fighting       | 7 8 9 |  9.4
Dodging        | 1 2 3 |  3.5
Poison Magic   | 2 3 |  3.0
Transmutations | 2 3 |  3.0
Spellcasting   | 3 |  3.0
Fire Magic     | 1 2 |  2.2
Conjurations   | 2 |  2.0
Air Magic      | 1 |  1.8
Stealth        | |  1.0
Evocations     | |  1.0

Action                     |  1- 3 |  4- 6 |  7- 9 || total
---------------------------+-------+-------+-------++-------
  Melee: Club              |    32 |       |       ||    32
         Whip              |   131 |    31 |       ||   162
         Punch             |     2 |       |     1 ||     3
         Flail             |       |   152 |       ||   152
         Mace              |       |    15 |       ||    15
         War axe           |       |    58 |    85 ||   143
   Fire: Sling             |       |   102 |    42 ||   144
   Cast: Sting             |       |     4 |     3 ||     7
    Use: Scroll            |     1 |     4 |     3 ||     8
         Potion            |       |     1 |       ||     1
   Stab: Sleeping          |     1 |     1 |       ||     2
         Distracted        |       |       |     1 ||     1
 Armour: Robe              |    81 |   110 |    61 ||   252
  Dodge: Dodged            |    90 |   151 |    84 ||   325

Table legend: (Time is in decaauts)
 A = Elapsed time spent in this place.
 B = Non-inter-level travel time spent in this place.
 C = Inter-level travel time spent in this place.
 D = Time resting spent in this place.
 E = Time spent auto-exploring this place.
 F = Levels seen in this place.
 G = Mean time per level.
                   A        B        C        D        E       F      G
               +--------+--------+--------+--------+--------+-----+--------+
         Total |   8231 |   7848 |    383 |   1138 |   5013 |   6 | 1371.8 |
       Dungeon |   8231 |   7848 |    383 |   1138 |   5013 |   6 | 1371.8 |
               +--------+--------+--------+--------+--------+-----+--------+

Top non-repeatable levels by time:
     D:4: 2435 daAuts
     D:3: 2016 daAuts
     D:5: 1411 daAuts
     D:1: 1007 daAuts
     D:2: 1005 daAuts
     D:6: 355 daAuts
